 Dungeon Crawl Stone Soup version 0.21.1-1-g345015f (webtiles) character file.

24147 inc the Cleaver (level 13, 0/106 HPs)
             Began as a Barachi Ice Elementalist on June 17, 2018.
             Was a Believer of Ashenzari.
             Slain by a troll (9 damage)
             ... on level 2 of the Orcish Mines.
             The game lasted 00:35:15 (15619 turns).

inc the Cleaver (Barachi Ice Elementalist)         Turns: 15619, Time: 00:35:16

Health: 0/106      AC:  0    Str: 11    XL:     13   Next: 11%
Magic:  19/19      EV: 16    Int: 20    God:    Ashenzari [**....]
Gold:   1012       SH:  7    Dex: 12    Spells: 12/20 levels left

rFire    . . .     SeeInvis .   p - +4 war axe (elec) (curse)
rCold    . . .     Gourm    .   K - +2 buckler
rNeg     . . .     Faith    .   T - +0 steam dragon scales
rPois    .         Spirit   .   M - +0 helmet (curse)
rElec    .         Reflect  .   P - scarf {cloud immunity} (curse)
rCorr    .         Harm     .   (no gloves)
MR       .....                  (no boots)
Stlth    ++........             x - amulet of rage (curse)
HPRegen  0.27/turn              J - ring of wizardry (curse)
MPRegen  0.16/turn              i - +5 ring of protection (curse)

@: corroded, can't hop, berserk cooldown, slowed, very slow
A: +LOS, swims, slowness 1, strong legs 2
a: Hop, Curse Item, Scrying, Renounce Religion, Evoke Berserk Rage


You were on level 2 of the Orcish Mines.
You worshipped Ashenzari.
Ashenzari was pleased with you.
You were very hungry.

You visited 3 branches of the dungeon, and saw 14 of its levels.
You also visited: Ossuary.

You collected 1102 gold pieces.
You spent 90 gold pieces at shops.

Inventory:

Hand Weapons
 h - a +0 mace
 n - a +2 spear of piercing
 p - a cursed +4 war axe of electrocution (weapon)
Armour
 a - a +0 robe
 d - a +0 ring mail
 w - a +0 shield
 K - a +2 buckler (worn)
 M - a cursed +0 helmet (worn)
 P - a cursed scarf of cloud immunity (worn)
 T - +0 steam dragon scales (worn)
Jewellery
 e - an uncursed ring of wizardry
 i - a cursed +5 ring of protection (right hand)
 j - an uncursed ring of teleportation
 s - an uncursed amulet of inaccuracy
 v - an uncursed amulet of harm
 x - a cursed amulet of rage (around neck)
 y - an uncursed ring of protection from cold
 G - a +5 amulet of reflection
 J - a cursed ring of wizardry (left hand)
 N - an uncursed ring of wizardry
Wands
 m - a wand of flame (16)
 t - a wand of paralysis (19)
 I - a wand of iceblast (7)
Scrolls
 g - 2 scrolls of amnesia
 k - 2 scrolls of identify
 r - a scroll of teleportation
 A - 7 scrolls of blinking
 E - 2 scrolls of enchant armour
 L - 3 scrolls of fear
 O - a scroll of enchant weapon
 Q - a scroll of magic mapping
 R - 2 scrolls of fog
 S - a scroll of vulnerability
 U - a scroll of random uselessness
Potions
 f - 5 potions of lignification
 l - 10 potions of curing
 o - 4 potions of haste
 z - 3 potions of agility
 B - 2 potions of brilliance
 C - 4 potions of might
 D - a potion of berserk rage
 H - 3 potions of mutation
Books
 b - a book of Frost

   Spells                             Type                      Level
   a - Freeze                         Ice                          1
   b - Throw Frost                    Conjuration/Ice              2
   c - Ozocubu's Armour               Charms/Ice                   3
   d - Throw Icicle                   Conjuration/Ice              4
   e - Summon Ice Beast               Ice/Summoning                4
 q - a book of Conjurations

   Spells                             Type                      Level
   a - Magic Dart                     Conjuration                  1
   b - Searing Ray                    Conjuration                  2
   c - Dazzling Spray                 Conjuration/Hexes            3
   d - Fulminant Prism                Conjuration/Hexes            4
   e - Force Lance                    Conjuration/Translocation    4
   f - Iskenderun's Mystic Blast      Conjuration                  4
 F - a book of Changes

   Spells                             Type                      Level
   a - Beastly Appendage              Transmutation                1
   b - Sticks to Snakes               Transmutation                2
   c - Spider Form                    Transmutation/Poison         3
   d - Ice Form                       Ice/Transmutation            4
   e - Blade Hands                    Transmutation                5
Comestibles
 c - 15 rations


   Skills:
 + Level 11.0 Fighting
 - Level 13.9(15.8) Axes
 - Level 7.3 Armour
 - Level 8.6 Dodging
 - Level 1.7 Stealth
 - Level 5.1 Shields
 - Level 4.2 Spellcasting
   Level 1.1(2.5) Conjurations
 - Level 2.2(4.0) Charms
 - Level 4.9(7.2) Summonings
 - Level 6.8(9.2) Ice Magic
 - Level 6.5(8.9) Evocations


You had 12 spell levels left.
You knew the following spells:

 Your Spells              Type           Power        Failure   Level  Hunger
a - Freeze                Ice            ####         1%          1    None
b - Ozocubu's Armour      Chrm/Ice       ####....     1%          3    ###....
c - Summon Ice Beast      Ice/Summ       #####...     1%          4    ####...


Dungeon Overview and Level Annotations

Branches:
Dungeon (11/15)            Temple (1/1) D:7            Lair (0/6) D:8
    Orc (2/2) D:10            Elf (0/3) Orc:2

Altars:
Ashenzari
Cheibriados
Dithmenos
Elyvilon
Fedhas
Gozag
Hepliaklqana
Kikubaaqudgha
Makhleb
Nemelex Xobeh
Okawaru
Qazlal
Ru
Sif Muna
Trog
Uskayaw
Vehumet
Wu Jian
Xom
Yredelemnul
Zin
The Shining One
Beogh

Shops:
D:4 !


Innate Abilities, Weirdness & Mutations

Shadows flee at your approach. (+LOS)
You can swim through water.
You cover ground slowly.
You can hop long distances.


Message History

An orc wizard comes into view. It is wielding a dagger.
The orc wizard points at you and mumbles some strange words.
The magic dart hits you!
An orc warrior comes into view. It is wielding a long sword.
The troll barely misses you. The troll closely misses you. The troll claws you.
The troll bites you. You block the troll's attack. The troll misses you.
The troll completely misses you. The troll claws you!
* * * LOW HITPOINT WARNING * * *
The troll completely misses you.
The orc wizard points at you and mumbles some strange words.
You feel as though you will be slow longer.
The orc priest begins to cast a cantrip, but forgets the words!
The troll bites you!
* * * LOW HITPOINT WARNING * * *
You block the troll's attack. The troll misses you.
Unknown command.
You feel better. The troll completely misses you. The troll claws you!
* * * LOW HITPOINT WARNING * * *
The troll claws you!
You die...

##..................#...
##.........#............
#...................#...
#..........#............
#..................#...
##.......#.#....#.......
#.........##...##.......
#...........#..##..#....
*#.....@...........,....
#....T##o#..... , ....
##......##.. ,.#,* ....
#........#,o#,, ....
##.............. ...,
#.........##..o ,,
#......#.##* #. ,
##.......# #.#......*


You could see a troll, an orc priest and an orc wizard.

Vanquished Creatures
  An orc warlord (Orc:1)
  The ghost of diana the Martial Artist, a journeyman DsGl of Okawaru (Orc:2)
  Azrael (Orc:2)
  6 two-headed ogres
  An orc high priest (Orc:1)
  An unseen horror (D:10)
  Pikel (D:7)
  3 orc knights (Orc:2)
  2 orc sorcerers (Orc:2)
  2 ugly things (D:11)
  Joseph (D:7)
  A centaur skeleton (D:11)
  A komodo dragon (D:8)
  3 trolls
  Grinder (D:6)
  Sigmund (D:2)
  2 wyverns
  A basilisk (D:11)
  10 yaks
  2 hungry ghosts
  4 fire elementals (Orc:2)
  Eustachio (D:4)
  Grum (D:8)
  A steam dragon (D:8)
  2 wargs (Orc:1)
  2 acid dragons (D:11)
  3 hell hounds (Orc:2)
  3 slaves (D:7)
  3 ice beasts
  2 sky beasts
  2 black bears
  A necrophage (D:8)
  20 orc warriors
  7 ogres
  2 wolves (D:8)
  5 centaurs
  A crocodile (D:11)
  A big kobold (D:8)
  3 bullfrogs
  A water moccasin zombie (D:10)
  A scorpion (D:10)
  14 killer bees
  8 wights
  2 howler monkeys (D:10)
  4 crimson imps
  3 centaur zombies
  A quasit (D:8)
  13 orc priests
  6 hounds
  2 jellies
  A bullfrog skeleton (D:5)
  9 orc wizards
  2 iguanas
  4 worker ants
  A big kobold zombie (Ossuary)
  A hound skeleton (D:5)
  8 mummies (Ossuary)
  2 worker ant zombies
  Robin (D:4)
  8 gnolls
  11 adders
  A howler monkey skeleton (D:10)
  A shadow imp (D:5)
  An ooze (D:6)
  An adder skeleton (D:4)
  2 adder zombies
  2 worms
  6 dart slugs
  6 leopard geckos
  74 orcs
  8 bats
  3 giant cockroaches
  2 gnoll zombies (Ossuary)
  11 hobgoblins
  12 jackals
  4 kobolds
  5 quokkas
  2 frilled lizards
  A giant cockroach zombie (D:6)
  16 goblins
  A goblin zombie (D:5)
  A hobgoblin zombie (Ossuary)
  2 kobold zombies (Ossuary)
  A leopard gecko skeleton (D:4)
  2 orc zombies (Ossuary)
  A quokka skeleton (D:5)
  7 rats
  A rat zombie (D:5)
383 creatures vanquished.

Vanquished Creatures (others)
  A centaur skeleton (D:5)
  31 plants (D:8)
32 creatures vanquished.

Grand Total: 415 creatures vanquished

Notes
Turn   | Place    | Note
-------+----------+-------------------------------------------
     0 | D:1      | inc the Barachi Ice Elementalist began the quest for the Orb.
     0 | D:1      | Reached XP level 1. HP: 13/13 MP: 3/3
   248 | D:1      | Reached XP level 2. HP: 19/19 MP: 0/5
   937 | D:1      | Reached XP level 3. HP: 24/24 MP: 3/6
  1054 | D:1      | Reached skill level 5 in Ice Magic
  1551 | D:2      | Noticed Sigmund
  1577 | D:2      | Killed Sigmund
  1577 | D:2      | Reached XP level 4. HP: 14/30 MP: 0/9
  1577 | D:2      | Reached XP level 5. HP: 16/35 MP: 0/10
  2668 | D:3      | Reached XP level 6. HP: 41/41 MP: 11/11
  2873 | D:3      | Found a radiant altar of Vehumet.
  2962 | D:3      | Found a faded altar of an unknown god.
  3547 | D:4      | Reached skill level 1 in Axes
  3590 | D:4      | Found Bung's Distillery.
  3618 | D:4      | Bought a potion of heal wounds for 50 gold pieces
  3625 | D:4      | Reached skill level 2 in Axes
  4086 | D:4      | Noticed an air elemental
  4098 | D:4      | Noticed Robin
  4113 | D:4      | Killed Robin
  4125 | D:4      | Reached skill level 3 in Axes
  4431 | D:4      | Found a stormy altar of Qazlal.
  4443 | D:4      | Noticed a fire elemental
  4443 | D:4      | Noticed a water elemental
  4496 | D:4      | Reached XP level 7. HP: 42/46 MP: 13/13
  4659 | D:4      | Noticed Eustachio
  4673 | D:4      | Killed Eustachio
  4673 | D:4      | Reached skill level 4 in Axes
  4807 | D:5      | Entered Level 5 of the Dungeon
  4820 | D:4      | Bought a potion of might for 40 gold pieces
  4832 | D:5      | Reached skill level 5 in Axes
  4855 | D:5      | Reached skill level 6 in Axes
  5172 | D:5      | Found a sand-covered staircase.
  5181 | Ossuary  | Entered an ossuary
  5382 | Ossuary  | Reached XP level 8. HP: 52/52 MP: 14/14
  5671 | D:5      | Reached skill level 7 in Axes
  6086 | D:6      | Noticed Grinder
  6092 | D:6      | Killed Grinder
  6393 | D:6      | Found a sacrificial altar of Ru.
  6448 | D:6      | Found a shimmering altar of Xom.
  6609 | D:6      | Reached skill level 5 in Shields
  6910 | D:6      | Reached skill level 8 in Axes
  7175 | D:7      | Found a staircase to the Ecumenical Temple.
  7195 | Temple   | Entered the Ecumenical Temple
  7352 | Temple   | Became a worshipper of Ashenzari the Shackled
  7390 | D:7      | Reached skill level 1 in Evocations
  7486 | D:7      | Reached XP level 9. HP: 57/57 MP: 15/15
  7662 | D:7      | Noticed Pikel
  7686 | D:7      | Killed Pikel
  7686 | D:7      | Reached skill level 5 in Evocations
  7746 | D:7      | Found a deep blue altar of Sif Muna.
  7749 | D:7      | Noticed Joseph
  8155 | D:7      | Killed Joseph
  8309 | D:8      | Found a deep blue altar of Sif Muna.
  8361 | D:8      | Noticed a two-headed ogre
  8383 | D:8      | Killed a two-headed ogre
  8383 | D:8      | Reached XP level 10. HP: 54/79 MP: 16/16
  8664 | D:8      | Found an iron altar of Okawaru.
  8704 | D:8      | Noticed a two-headed ogre
  8706 | D:8      | Noticed a two-headed ogre
  8719 | D:8      | Killed a two-headed ogre
  9111 | D:8      | Noticed Grum
  9126 | D:8      | Killed Grum
  9128 | D:8      | Reached skill level 9 in Axes
  9327 | D:8      | Killed a two-headed ogre
  9327 | D:8      | Reached skill level 10 in Axes
  9329 | D:8      | HP: 6/124 [poisoned by a killer bee]
  9331 | D:8      | HP: 2/124 [poisoned by a killer bee]
  9898 | D:8      | Found a staircase to the Lair.
 10154 | D:9      | Reached * piety under Ashenzari
 10156 | D:9      | Noticed a two-headed ogre
 10168 | D:9      | Killed a two-headed ogre
 10168 | D:9      | Reached skill level 11 in Axes
 10168 | D:9      | Reached XP level 11. HP: 83/89 MP: 17/17
 10625 | D:9      | Reached skill level 12 in Axes
 10871 | D:9      | Noticed a two-headed ogre
 10879 | D:9      | Killed a two-headed ogre
 11062 | D:9      | Found a white marble altar of Elyvilon.
 11386 | D:10     | Entered Level 10 of the Dungeon
 11683 | D:10     | Reached skill level 1 in Armour
 11755 | D:10     | Found a roughly hewn altar of Beogh.
 11762 | D:10     | Found a staircase to the Orcish Mines.
 11964 | D:10     | Reached skill level 5 in Armour
 12341 | D:10     | Noticed a two-headed ogre
 12353 | D:10     | Killed a two-headed ogre
 12614 | D:8      | Learned a level 3 spell: Ozocubu's Armour
 12738 | D:10     | Killed an unseen horror
 12738 | D:10     | Reached skill level 13 in Axes
 12977 | D:10     | Found an opulent altar of Gozag.
 13306 | D:11     | Reached XP level 12. HP: 85/96 MP: 18/18
 13330 | D:11     | Reached ** piety under Ashenzari
 13861 | D:11     | Noticed a seven-headed hydra
 13912 | Orc:1    | Entered Level 1 of the Orcish Mines
 13912 | Orc:1    | Noticed an orc high priest
 14141 | Orc:1    | Killed an orc high priest
 14141 | Orc:1    | Reached skill level 5 in Dodging
 14197 | Orc:1    | Noticed an orc warlord
 14220 | Orc:1    | Killed an orc warlord
 14631 | Orc:2    | Entered Level 2 of the Orcish Mines
 14700 | Orc:2    | Noticed diana's ghost (journeyman DsGl)
 14735 | Orc:2    | Killed diana's ghost
 14743 | Orc:1    | Learned a level 4 spell: Summon Ice Beast
 14940 | Orc:2    | Noticed Azrael
 14949 | Orc:2    | Reached skill level 1 in Summonings
 14961 | Orc:2    | Killed Azrael
 15430 | Orc:2    | Found a staircase to the Elven Halls.
 15504 | Orc:2    | Gained mutation: You can hop long distances. [Barachi growth]
 15504 | Orc:2    | Reached XP level 13. HP: 103/103 MP: 19/19
 15505 | Orc:2    | Reached skill level 10 in Fighting
 15619 | Orc:2    | Slain by a troll

Skill      XL: |  1  2  3  4  5  6  7  8  9 10 11 12 13 |
---------------+----------------------------------------+-----
Ice Magic      | 4 6 |  6.8
Spellcasting   | 3 4 |  4.2
Axes           | 3 6 8 11 13 | 13.9
Shields        | 5 |  5.1
Evocations     | 2 6 |  6.5
Fighting       | 7 9 11 | 11.0
Armour         | 7 |  7.3
Dodging        | 8 |  8.6
Summonings     | 4 |  4.9
Charms         | 2 |  2.2
Stealth        | |  1.7
Conjurations   | |  1.1

Action                   |  1- 3 |  4- 6 |  7- 9 | 10-12 | 13-15 || total
-------------------------+-------+-------+-------+-------+-------++-------
Melee: Unarmed           |     7 |       |       |       |       ||     7
       Mace              |    16 |     9 |       |       |       ||    25
       War axe           |       |    92 |   207 |   653 |    29 ||   981
       Spear             |       |    36 |       |       |       ||    36
 Cast: Freeze            |    42 |    33 |     1 |     4 |       ||    80
       Ozocubu's Armour  |       |       |       |     2 |       ||     2
Invok: Curse Item        |       |       |     4 |     2 |       ||     6
 Abil: Hop               |       |     1 |     3 |     4 |     1 ||     9
       Evoke Berserk Rag |       |       |     3 |    23 |     1 ||    27
  Use: Potion            |     4 |       |     1 |     2 |     2 ||     9
       Scroll            |     2 |     1 |     8 |     9 |     1 ||    21
 Stab: Sleeping          |     1 |       |       |     1 |       ||     2
  Eat: Ration            |     1 |       |     1 |     5 |       ||     7
       Chunk             |       |    10 |    12 |    33 |     2 ||    57
Armor: Robe              |     9 |       |       |       |       ||     9
       Skin              |     7 |       |       |       |       ||     7
       Ring mail         |       |    79 |    97 |   119 |       ||   295
       Steam dragon scal |       |       |       |    77 |     3 ||    80
Dodge: Dodged            |    32 |   113 |    88 |   237 |    25 ||   495
Block: Buckler           |       |       |    37 |   177 |     8 ||   222
